 Dungeon Crawl Stone Soup version 0.30-a0-4-ga7cffc901d (webtiles) character file.

Game seed: 9788445599792864828

34443 Flugkiller the Martial Artist (level 14, -3/120 (127) HPs)
             Began as a Meteoran Chaos Knight on Aug 21, 2022.
             Was a Plaything of Xom.
             Slain by a cane toad (18 damage)
             ... on level 5 of the Lair of Beasts.
             The game lasted 00:31:58 (6349 turns).

Flugkiller the Martial Artist (MeCK)                Turns: 6349, Time: 00:31:58

HP:   -3/120 (127)  AC:  8    Str: 14    XL:     14   Next: 47%
MP:   19/19         EV: 23    Int: 14    God:    Xom [......]
Gold: 793           SH:  0    Dex: 25    Spells: 16/19 levels left

rFire   + . .      SeeInvis .      - Unarmed
rCold   . . .      Faith    .    (no shield)
rNeg    . . .      Spirit   .    Q - +0 troll leather armour
rPois   .          Reflect  .    T - +0 helmet
rElec   .          Harm     .    m - +1 cloak
rCorr   .          Rampage  .    c - +0 pair of gloves
Will    +....                    (no boots)
Stlth   +.........               (no amulet)
HPRegen 0.00/turn                p - ring of protection from fire
MPRegen 0.16/turn                i - +6 ring of dexterity

@: sick, glowing, drained
A: sense surroundings 2, otherworldly, glowing, explore regen
a: Renounce Religion


You were on level 5 of the Lair of Beasts.
You worshipped Xom.
You were a very special plaything of Xom.
You visited 2 branches of the dungeon, and saw 16 of its levels.

You collected 793 gold pieces.

Inventory:

Missiles
 o - 8 javelins
 v - 4 silver javelins
 P - a curare-tipped dart
Armour
 c - a +0 pair of gloves (worn)
   (You found it on level 6 of the Dungeon)
 m - a +1 cloak (worn)
   (You found it on level 3 of the Dungeon)
 I - +0 steam dragon scales
   (You took it off Maggie on level 9 of the Dungeon)
 O - the +5 plate armour of the Slightly Bent {rF+}
   (You found it on level 11 of the Dungeon)

   rF:        It protects you from fire.
 Q - a +0 troll leather armour (worn)
   (You found it on level 11 of the Dungeon)
 S - a +2 robe of cold resistance
   (You took it off Pikel on level 9 of the Dungeon)
 T - a +0 helmet (worn)
   (You found it on level 2 of the Lair of Beasts)
Magical Staves
 J - a staff of air
   (You found it on level 9 of the Dungeon)
Jewellery
 g - a ring of fire
   (You found it on level 2 of the Dungeon)
 i - a +6 ring of dexterity (right hand)
   (You found it on level 5 of the Dungeon)
 p - a ring of protection from fire (left hand)
   (You found it on level 3 of the Dungeon)
 s - a ring of magical power
   (You found it on level 5 of the Dungeon)
 y - a ring of resist corrosion
   (You found it on level 7 of the Dungeon)
 M - a ring of ice
   (You found it on level 11 of the Dungeon)
 W - a ring of positive energy
   (You found it on level 3 of the Lair of Beasts)
Wands
 a - a wand of paralysis (5)
   (You found it on level 9 of the Dungeon)
 l - a wand of mindburst (23)
   (You found it on level 7 of the Dungeon)
 C - a wand of quicksilver (7)
   (You found it on level 7 of the Dungeon)
 K - a wand of digging (5)
   (You took it off Pikel on level 9 of the Dungeon)
 L - a wand of flame (16)
   (You found it on level 10 of the Dungeon)
 N - a wand of polymorph (3)
   (You found it on level 11 of the Dungeon)
Scrolls
 f - 6 scrolls of fog
 k - 6 scrolls of immolation
 t - 3 scrolls of teleportation
 u - 2 scrolls of poison
 z - a scroll of blinking
 A - a scroll of vulnerability
 D - 2 scrolls of enchant weapon
 E - a scroll of fear
 H - 4 scrolls of magic mapping
 R - a scroll of torment
 U - 3 scrolls of amnesia
Potions
 d - a potion of might
 e - 4 potions of mutation
 h - a potion of haste
 j - 2 potions of berserk rage
 n - 2 potions of ambrosia
 q - 2 potions of curing
 w - 2 potions of heal wounds
 x - a potion of flight
 B - a potion of attraction
 F - a potion of invisibility
 G - 2 potions of lignification
 V - a potion of resistance {unknown}
Miscellaneous
 b - a piece from Xom's chessboard (15/15) (quivered)


   Skills:
 + Level 12.7 Fighting
 - Level 10.0 Throwing
 - Level 2.4 Armour
 + Level 12.9 Dodging
 + Level 14.7 Unarmed Combat
 - Level 3.0 Spellcasting
 - Level 7.0 Transmutations
 - Level 2.0 Poison Magic
 - Level 8.0 Evocations


You had 16 spell levels left.
You knew the following spells:

 Your Spells              Type           Power      Damage    Failure   Level
a - Spider Form           Tmut/Pois      14%        N/A       12%         3

Your spell library contained the following spells:

 Spells                   Type           Power      Damage    Failure   Level
 Ignite Poison            Fire/Tmut/Pois 10%        N/A       22%         3
 Ensorcelled Hibernation  Hex/Ice        4%         N/A       36%         2
 Static Discharge         Conj/Air       2%         3-4/arc   36%         2
 Mephitic Cloud           Conj/Pois/Air  3%         N/A       52%         3
 Gell's Gravitas          Tloc           2%         N/A       61%         3
 Lesser Beckoning         Tloc           2%         N/A       61%         3
 Teleport Other           Tloc           2%         N/A       61%         3
 Anguish                  Hex/Necr       1%         N/A       95%         4
 Dispel Undead            Necr           2%         3d7       95%         4
 Sticky Flame             Conj/Fire      2%         2d3       95%         4
 Freezing Cloud           Conj/Ice/Air   1%         6-21      100%        5
 Enfeeble                 Hex            1%         N/A       100%        7


Dungeon Overview and Level Annotations

Branches:
Dungeon (11/15) Zot: 2332  Temple (0/1) D:7            Lair (5/5) D:10 Zot: 1180
  Swamp (0/4) Lair:2       Spider (0/4) Lair:3        Slime (0/5) Lair:4
    Orc (0/2) D:11

Altars:
Elyvilon
Okawaru
Ru
Vehumet
Xom
Zin
Jiyva

Shops:
D:4 (   D:7 :

Annotations:
D:4 Eustachio


Innate Abilities, Weirdness & Mutations

You passively map the area around you.
You are easily found by Zot.
You glow in the dark.
You regain HP and MP as you explore.


Message History

A five-headed hydra comes into view.
The five-headed hydra roars!
You hit the thrashing horror but do no damage.
The thrashing horror is almost destroyed.
The thrashing horror misses you. The thrashing horror barely misses you.
The thrashing horror misses you. x2; The hell rat closely misses you.
A ynoxinul comes into view.
The ynoxinul gestures.
The hell rat bites you. The hell rat completely misses you.
A spriggan comes into view.
It is wielding a +1 rapier of distortion.
The hell rat bites you but does no damage.
You hit the thrashing horror but do no damage.
The thrashing horror is almost destroyed.
The thrashing horror completely misses you. x2
The hell rat bites you but does no damage.
You feel ill.
You feel a bit more experienced. The hell rat barely misses you.
Unknown command.
Okay, then.
You barely miss the ancient zyme. The thrashing horror tramples you!
You hold your ground!
The thrashing horror tramples you but does no damage.
The hell rat closely misses you. The hell rat bites you.
You feel drained. The ancient zyme completely misses you.
The ancient zyme hits you but does no damage.
You hit the ancient zyme.
The ancient zyme is lightly damaged.
The hell rat bites you!
You feel drained. The hell rat misses you.
The ufetubus completely misses you. x2; The hell rat bites you.
You feel drained.
You punch the ancient zyme!
The ancient zyme is moderately damaged.
Your surroundings suddenly seem different.
Xom roars with laughter!
The yak bellows!
There is a stone staircase leading up here.
Casting: Spider Form (mildly dangerous; 12% risk of failure)
Confirm with . or Enter, or press ? or * to list all spells.
You turn into a venomous arachnid creature.
Your +1 cloak melds into your body.
Your +0 helmet melds into your body.
Your +0 pair of gloves melds into your body.
Your +0 troll leather armour melds into your body.
You bite the yak!
The yak is moderately wounded.
The yak closely misses you.
You hit the yak but do no damage.
The yak is moderately wounded.
You bite the yak!
The yak looks as sick as possible!
The yak is heavily wounded.
The yak completely misses you.
You maul the yak!!
You kill the yak!
You see here a yak corpse.
Your transformation has ended.
Your +1 cloak unmelds from your body.
Your +0 helmet unmelds from your body.
Your +0 pair of gloves unmelds from your body.
Your +0 troll leather armour unmelds from your body.
A cane toad comes into view.
You hit the cane toad.
The cane toad is lightly wounded.
You hear Xom's avuncular chuckle.
The cane toad suddenly seems more agile.
The cane toad misses you.
You punch the cane toad!
The cane toad is heavily wounded.
The cane toad misses you.
You barely miss the cane toad. Your punch misses the cane toad.
The cane toad is heavily wounded.
The cane toad stings you.
You are poisoned.
The cane toad poisons you!
You hit the cane toad but do no damage.
The cane toad is heavily wounded.
You feel very sick.
Xom's attention almost turns to you for a moment.
Your helmet leaps into the air, briefly spins, then lands back on your head!
You barely miss the cane toad. You punch the cane toad.
The cane toad is heavily wounded.
You feel very sick. The cane toad stings you.
You are more poisoned.
The cane toad poisons you!
You punch the cane toad!
The cane toad is almost dead.
You feel very sick. The cane toad misses you.
You barely miss the cane toad.
The cane toad is almost dead.
You feel very sick. The cane toad barely misses you.
You hit the cane toad but do no damage.
The cane toad is almost dead.
You feel very sick. The cane toad stings you!!
* * * LOW HITPOINT WARNING * * *
You feel better. The cane toad stings you.
* * * LOW HITPOINT WARNING * * *
You closely miss the cane toad. Your punch misses the cane toad.
The cane toad is almost dead.
The cane toad stings you!!
You die...

#.......†.............# *
#.................†.†..
.######...............†.....
,..P..PP....................
.....P.....................
#................P.......
*#........................
#........................
#.......@F[..............
##......[.................
#.........................
##..................., ,
###..................., ,
#........†........... , ,
#....##..†.......... ,
#.#P## #............ ####*
#.#§§....... , ,, ,


You could see a cane toad (agile).

Vanquished Creatures
  4 hydras
  4 catoblepae
  2 two-headed ogres
  A deep elf pyromancer (D:10)
  Pikel (D:9)
  A cyclops (D:11)
  A manticore (Lair:4)
  Joseph (D:9)
  3 black mambas
  14 elephants
  5 cane toads
  A torpor snail (Lair:3)
  Maggie (D:9)
  A gargoyle (D:11)
  A rime drake (Lair:2)
  6 komodo dragons
  A demonic crawler (Lair:3)
  A troll (D:11)
  A merfolk (Lair:5)
  A hornet (D:8)
  A polar bear (Lair:5)
  Grinder (D:6)
  9 blink frogs
  5 dream sheep (Lair:5)
  Sigmund (D:2)
  3 shadows
  A wraith (D:11)
  4 wyverns
  35 yaks
  2 fire bats (Lair:4)
  4 basilisks
  A steam dragon (Lair:2)
  15 water moccasins
  3 orc warriors
  A sky beast (D:7)
  A black bear (Lair:3)
  An ogre (D:4)
  3 centaurs
  4 wolves (Lair:1)
  A lemure (D:9)
  A phantom (D:7)
  A kobold brigand (D:11)
  10 bullfrogs
  6 scorpions
  7 wights
  A quasit (D:7)
  A hound (D:7)
  4 jellies
  An orc priest (D:9)
  A gnoll bouda (D:5)
  2 orc wizards
  2 iguanas
  4 hell rats (Lair:2)
  6 adders
  6 gnolls (D:5)
  A shadow imp (D:7)
  3 white imps
  An ufetubus (D:4)
  5 worms
  17 orcs
  8 bats
  7 endoplasms
  3 giant cockroaches
  5 goblins
  8 hobgoblins
  13 jackals (D:1)
  6 quokkas
  3 ball pythons
  5 frilled lizards
  5 kobolds
  4 rats
294 creatures vanquished.

Vanquished Creatures (collateral kills)
  6 yaks
  A water moccasin (Lair:3)
  A black bear (Lair:2)
  A bullfrog (Lair:3)
9 creatures vanquished.

Vanquished Creatures (others)
  2 demonic plants (D:7)
  9 fungi
  17 plants
28 creatures vanquished.

Grand Total: 331 creatures vanquished

Notes
Turn   | Place    | Note
-------+----------+-------------------------------------------
     0 | D:1      | Flugkiller the Meteoran Chaos Knight began the quest for
                  | the Orb.
     0 | D:1      | Reached XP level 1. HP: 19/19 MP: 2/2
    43 | D:1      | XOM: silly message
    59 | D:2      | Reached skill level 4 in Unarmed Combat
    66 | D:2      | Noticed Sigmund
    67 | D:2      | XOM: silly message
    69 | D:2      | Reached XP level 2. HP: 26/26 MP: 3/3
    81 | D:2      | XOM: silly message
    88 | D:2      | Killed Sigmund
    89 | D:2      | Reached skill level 7 in Unarmed Combat
    89 | D:2      | Reached XP level 3. HP: 23/31 MP: 4/4
    89 | D:2      | Reached XP level 4. HP: 28/38 MP: 5/5
    89 | D:2      | Reached XP level 5. HP: 34/45 MP: 6/6
    89 | D:2      | Reached XP level 6. HP: 38/51 MP: 7/7
   223 | D:2      | Learned a level 3 spell: Spider Form
   418 | D:2      | Found a radiant altar of Vehumet.
   486 | D:1      | XOM: divination: detect creatures
   521 | D:1      | XOM: silly message
   800 | D:2      | XOM: divination: detect creatures
   810 | D:2      | Reached skill level 8 in Unarmed Combat
  1010 | D:4      | Noticed Eustachio
  1013 | D:4      | XOM: potion effect (haste)
  1052 | D:4      | XOM: 1-stop teleportation journey
  1162 | D:3      | Found an iron altar of Okawaru.
  1194 | D:4      | Found Odghaymo's Weapon Shop.
  1219 | D:4      | XOM is BORED!
  1219 | D:4      | XOM: noise
  1272 | D:4      | XOM: scenery: create altars
  1300 | D:4      | Reached skill level 1 in Spellcasting
  1300 | D:4      | Reached skill level 1 in Transmutations
  1300 | D:4      | Reached skill level 1 in Poison Magic
  1300 | D:4      | Reached XP level 7. HP: 44/57 MP: 7/9
  1371 | D:4      | XOM: blink monster(s)
  1411 | D:5      | Entered Level 5 of the Dungeon
  1723 | D:6      | XOM: enchant monster (bad)
  1727 | D:6      | Reached XP level 8. HP: 54/63 MP: 11/13
  1753 | D:6      | Noticed Grinder
  1768 | D:6      | Killed Grinder
  1769 | D:6      | Reached skill level 5 in Transmutations
  2024 | D:6      | XOM: 1-stop teleportation journey
  2172 | D:7      | Reached skill level 5 in Fighting
  2247 | D:7      | Gained mutation: You passively map the area around you.
                  | [Meteoran growth]
  2247 | D:7      | Reached XP level 9. HP: 71/74 MP: 11/14
  2250 | D:7      | Found Niddyr's Book Boutique.
  2275 | D:7      | Reached skill level 5 in Dodging
  2330 | D:8      | Noticed a hornet
  2339 | D:8      | Killed a hornet
  2424 | D:8      | XOM: summons 3 hostile shadow creatures
  2437 | D:8      | XOM: summons 1 hostile demon
  2444 | D:8      | XOM: cast spell 'Call Canine Familiar'
  2450 | D:8      | XOM: 4-stop teleportation journey
  2452 | D:8      | Reached skill level 9 in Unarmed Combat
  2453 | D:8      | XOM: cleaving
  2474 | D:8      | XOM: silly message
  2561 | D:7      | Reached skill level 1 in Evocations
  2598 | D:7      | Found a staircase to the Ecumenical Temple.
  2622 | D:7      | XOM: blink monster(s)
  2623 | D:7      | XOM: enchant monster (good)
  2642 | D:7      | Reached XP level 10. HP: 38/83 MP: 15/15
  2725 | D:7      | Reached skill level 10 in Unarmed Combat
  2791 | D:8      | Reached skill level 5 in Evocations
  3032 | D:9      | Found a white marble altar of Elyvilon.
  3040 | D:9      | Noticed Pikel
  3057 | D:9      | Killed Pikel
  3139 | D:9      | Noticed a two-headed ogre
  3140 | D:9      | Found a shimmering altar of Xom.
  3147 | D:9      | XOM: enchant monster (bad)
  3148 | D:9      | Killed a two-headed ogre
  3149 | D:9      | Reached skill level 11 in Unarmed Combat
  3166 | D:9      | Noticed Maggie
  3175 | D:9      | Killed Maggie
  3176 | D:9      | Reached XP level 11. HP: 92/92 MP: 13/16
  3177 | D:9      | Found a sacrificial altar of Ru.
  3222 | D:9      | Noticed Joseph
  3236 | D:9      | XOM: silly message
  3246 | D:9      | XOM: cast spell 'Summon Small Mammal'
  3347 | D:9      | Killed Joseph
  3432 | D:10     | Entered Level 10 of the Dungeon
  3557 | D:10     | XOM: potion effect (might)
  3562 | D:10     | Reached skill level 10 in Dodging
  3611 | D:10     | Found a glowing silver altar of Zin.
  3618 | D:10     | XOM: potion effect (magic)
  3641 | D:10     | Reached skill level 12 in Unarmed Combat
  3719 | D:10     | Found a staircase to the Lair.
  3742 | D:10     | XOM: potion effect (curing)
  3767 | D:10     | Noticed a deep elf pyromancer
  3813 | D:10     | Killed a deep elf pyromancer
  3838 | D:10     | XOM: silly message
  3883 | D:11     | Found a staircase to the Orcish Mines.
  3921 | D:11     | Noticed a two-headed ogre
  3930 | D:11     | XOM: divination: detect creatures
  4066 | D:11     | Noticed a cyclops
  4079 | D:11     | XOM: repel stairs
  4082 | D:11     | Killed a cyclops
  4121 | D:11     | XOM: potion effect (brilliance)
  4157 | D:11     | Identified the +5 plate armour of the Slightly Bent {rF+}
  4252 | D:11     | Noticed a five-headed hydra
  4259 | D:11     | XOM: potion effect (heal wounds)
  4265 | D:11     | Killed a five-headed hydra
  4266 | D:11     | Reached XP level 12. HP: 73/105 MP: 8/17
  4277 | D:11     | XOM: 2-stop teleportation journey
  4363 | D:11     | Killed a two-headed ogre
  4367 | D:11     | XOM: silly message
  4389 | Lair:1   | Entered Level 1 of the Lair of Beasts
  4401 | Lair:1   | Reached skill level 13 in Unarmed Combat
  4436 | Lair:1   | XOM: smoke on damage
  4450 | Lair:1   | Reached skill level 10 in Fighting
  4492 | Lair:1   | HP: 3/106 [elephant (18)]
  4498 | Lair:1   | HP: 2/106 [elephant (14)]
  4561 | Lair:1   | Reached skill level 14 in Unarmed Combat
  4642 | Lair:2   | XOM: cast spell 'Summon Cactus Giant'
  4848 | Lair:1   | XOM: 1-stop teleportation journey
  4998 | Lair:2   | XOM: summons 1 hostile demon
  5026 | Lair:2   | Reached XP level 13. HP: 91/116 MP: 18/18
  5181 | Lair:3   | Found a hole to the Spider Nest.
  5204 | Lair:3   | XOM: swap monsters
  5234 | Lair:3   | XOM: confusion
  5237 | Lair:3   | XOM: confusion (+ monsters)
  5257 | Lair:3   | XOM: potion effect (haste)
  5261 | Lair:3   | XOM: god gift: 39 gold pieces
  5281 | Lair:3   | XOM: summons friendly ufetubus
  5355 | Lair:3   | XOM: summons 13 friendly demons
  5360 | Lair:3   | XOM: summons 1 hostile demon
  5397 | Lair:3   | Reached skill level 1 in Throwing
  5420 | Lair:3   | XOM: confusion (+ monsters)
  5431 | Lair:3   | XOM: enchant monster (bad)
  5494 | Lair:4   | Noticed a catoblepas
  5494 | Lair:4   | Noticed a catoblepas
  5528 | Lair:3   | Reached skill level 5 in Throwing
  5642 | Lair:4   | Noticed an eight-headed hydra
  5650 | Lair:4   | XOM: blink monster(s)
  5655 | Lair:4   | Killed an eight-headed hydra
  5802 | Lair:4   | Noticed a five-headed hydra
  5813 | Lair:4   | Killed a five-headed hydra
  5820 | Lair:4   | XOM: potion effect (curing)
  5837 | Lair:4   | Found a viscous altar of Jiyva.
  5837 | Lair:4   | Found a staircase to the Slime Pits.
  5881 | Lair:4   | XOM: cast spell 'Statue Form'
  5885 | Lair:4   | Killed a catoblepas
  5894 | Lair:4   | Killed a catoblepas
  5998 | Lair:4   | XOM: cast spell 'Disjunction'
  6019 | Lair:4   | Reached XP level 14. HP: 126/126 MP: 19/19
  6041 | Lair:4   | Reached skill level 10 in Throwing
  6079 | Lair:5   | Entered Level 5 of the Lair of Beasts
  6083 | Lair:5   | XOM: cleaving
  6104 | Lair:5   | XOM: confuse monster(s)
  6149 | Lair:5   | XOM: confuse monster(s)
  6162 | Lair:5   | XOM: summons friendly quasit
  6169 | Lair:5   | XOM: 2-stop teleportation journey
  6217 | Lair:5   | XOM: polymorph elephant -> merfolk
  6219 | Lair:5   | XOM: stat loss: -1 Int (13/14)
  6277 | Lair:5   | XOM: polymorph yak -> wind drake
  6281 | Lair:5   | XOM: summons friendly red devil
  6302 | Lair:5   | XOM: 1-stop teleportation journey
  6340 | Lair:5   | XOM: enchant monster (bad)
  6343 | Lair:5   | XOM: silly message
  6349 | Lair:5   | Slain by a cane toad

Illustrated notes

Levels and vault maps discovered:
D:1:      dpeg_arrival_subterranean_lakeside_camping, layout_rooms
D:2:      layout_loops_corners, basic_altar, minmay_distorted, uniq_sigmund
D:3:      minmay_diamond_boxcup, layout_basic, okawaru_ov_weapons_minmay,
          chequers_garden, uniq_crazy_yiuf_cottage
D:4:      kennysheep_big_flooded_room, layout_basic, serial_glass,
          glass_columns_a, glass_columns_a, glass_columns_b, item_on_display_b,
          item_on_display_b, serial_shops, shop_statue, uniq_robin,
          uniq_eustachio
D:5:      layout_loops_cross, corexii_item_surrounded_by_moat
D:6:      layout_gridville, minmay_holes, uniq_grinder
D:7:      layout_loops_corners, mainiacjoe_overflow_paths,
          minmay_temple_entry_antechambers, serial_shops, nicolae_shop_trees,
          serial_demonic, serial_demonic_g, serial_demonic_c, serial_demonic_c,
          serial_demonic_e, lemuel_flame_loot_1
D:8:      layout_basic, minmay_between
D:9:      layout_loops_corners, lemuel_coloured_pillars_altar, xom_teletrap_fun,
          nicolae_overflow_hidden_temple, uniq_pikel, uniq_joseph, uniq_maggie
D:10:     layout_loops_corners, zin_academy, grunt_lair_entry_orc_guard_hut,
          trove_entry_hex_spiral
D:11:     layout_gridville, orc_0_dummy
Lair:1:   layout_hall_layers
Lair:2:   layout_layer_cave, palyth_hydra_swamp_entry, beast_lair_carwin_7
Lair:3:   layout_long_grid, nicolae_spider_entry_non_spiders
Lair:4:   nzn_motion_control, layout_long_grid, nicolae_slime_entry_slimehenge,
          fungi_pond_lemuel, nicolae_lair_liquid_snakes,
          infiniplex_staircase_pool
Lair:5:   hellmonk_lair_end_abyssal_woods, layout_cave_shapes,
          patterned_corridor

Skill      XL: |  1  2  3  4  5  6  7  8  9 10 11 12 13 14 |
---------------+-------------------------------------------+-----
Unarmed Combat | 4 7 8 9 11 12 14 | 14.7
Spellcasting   | 1 3 |  3.0
Transmutations | 1 4 5 7 |  7.0
Poison Magic   | 1 2 |  2.0
Fighting       | 5 6 7 9 11 12 | 12.7
Dodging        | 4 7 9 11 12 | 12.9
Evocations     | 2 5 8 |  8.0
Throwing       | 9 10 | 10.0
Armour         | |  2.4

Action                   |  1- 3 |  4- 6 |  7- 9 | 10-12 | 13-15 || total
-------------------------+-------+-------+-------+-------+-------++-------
Melee: Unarmed           |    42 |   197 |   202 |   403 |   375 ||  1219
       Punch             |     2 |     7 |     3 |     5 |     6 ||    23
 Cast: Spider Form       |       |       |    19 |    37 |    27 ||    83
 Abil: End Transformatio |       |       |       |     4 |     4 ||     8
Evoke: Piece from Xom's  |     1 |       |     1 |     2 |     1 ||     5
       Wand              |       |       |       |     3 |     3 ||     6
  Use: Scroll            |       |     2 |    10 |    12 |     6 ||    30
       Potion            |       |       |     3 |     3 |     1 ||     7
 Stab: Petrified         |       |       |     3 |       |     5 ||     8
       Petrifying        |       |       |     1 |       |       ||     1
       Confused          |       |       |       |       |     4 ||     4
       Sleeping          |       |       |       |       |     1 ||     1
Armor: Leather armour    |    20 |   101 |    32 |     2 |       ||   155
       Skin              |       |       |     8 |     8 |    19 ||    35
       Steam dragon scal |       |       |       |     6 |       ||     6
       Troll leather arm |       |       |       |     2 |    17 ||    19
Dodge: Dodged            |    16 |    94 |   189 |   501 |   465 ||  1265

Table legend: (Time is in decaauts)
 A = Elapsed time spent in this place.
 B = Non-inter-level travel time spent in this place.
 C = Inter-level travel time spent in this place.
 D = Time resting spent in this place.
 E = Time spent auto-exploring this place.
 F = Levels seen in this place.
 G = Mean time per level.
                   A        B        C        D        E       F      G
               +--------+--------+--------+--------+--------+-----+--------+
         Total |   6087 |   5669 |    418 |      0 |      0 |  16 |  380.4 |
       Dungeon |   4267 |   3945 |    322 |      0 |      0 |  11 |  387.9 |
          Lair |   1819 |   1724 |     95 |      0 |      0 |   5 |  363.8 |
               +--------+--------+--------+--------+--------+-----+--------+

Top non-repeatable levels by time:
    D:10: 542 daAuts
     D:9: 516 daAuts
  Lair:4: 478 daAuts
  Lair:3: 438 daAuts
     D:2: 422 daAuts
  Lair:2: 403 daAuts
     D:4: 399 daAuts
     D:7: 393 daAuts
     D:8: 390 daAuts
     D:6: 382 daAuts
    D:11: 356 daAuts
     D:5: 303 daAuts
     D:3: 298 daAuts
  Lair:1: 271 daAuts
     D:1: 262 daAuts
